 Dungeon Crawl Stone Soup version 0.20-a0-1126-g0f15420 (webtiles) character file.

7443 Naow the Arsonist (level 11, -12/71 HPs)
             Began as an Octopode Fire Elementalist on May 17, 2017.
             Was an Elder of Vehumet.
             Mangled by Snorg (20 damage)
             ... on level 9 of the Dungeon.
             The game lasted 00:26:38 (13090 turns).

Naow the Arsonist (Octopode Fire Elementalist)     Turns: 13090, Time: 00:26:39

Health: -12/71     AC:  1    Str:  7    XL:     11   Next: 15%
Magic:  18/22      EV: 19    Int: 22    God:    Vehumet [****..]
Gold:   426        SH:  5    Dex: 12    Spells: 10/25 levels left

rFire    + . .     SeeInvis .   B - staff of fire
rCold    . . .     Gourm    .   h - +0 buckler
rNeg     . . .     Faith    .   (helmet restricted)
rPois    .         Spirit   .   w - amulet of regeneration
rElec    .         Reflect  .   S - +3 ring of evasion
rCorr    .         Harm     .   (no ring)
MR       .....                  (no ring)
Stlth    +++.......             (no ring)
Regen    0.7/turn               (no ring)
MPRegen  0.2/turn               (no ring)
                                (no ring)
                                (no ring)

@: no status effects
A: almost no armour, stealthy swim, amphibious, 8 rings, constrict 8, camouflage
1, gelatinous body 1
a: Renounce Religion


You were on level 9 of the Dungeon.
You worshipped Vehumet.
Vehumet was greatly pleased with you.
You were not hungry.

You visited 2 branches of the dungeon, and saw 11 of its levels.
You also visited: Bailey.

You collected 426 gold pieces.

Inventory:

Hand Weapons
 p - a +0 dagger
 r - a +4 dagger
 J - the +2 hand axe "Kivoegaz" {holy, rElec Int-4 Dex+4}
   (You took it off an orc on level 7 of the Dungeon)

   It has been blessed by the Shining One to cause great damage to the undead
   and demons.
   It affects your intelligence (-4).
   It affects your dexterity (+4).
   It insulates you from electricity.
 V - a +0 dagger of electrocution
Armour
 h - a +0 buckler (worn)
 D - a +0 shield
Magical Staves
 y - an uncursed staff of wizardry
 B - an uncursed staff of fire (weapon)
Jewellery
 w - an amulet of regeneration (around mantle)
 I - an uncursed ring of ice
 S - a +3 ring of evasion (left tentacle)
Wands
 z - a wand of polymorph (13/24)
 C - a wand of iceblast (2/15)
 K - a wand of clouds (2/9)
 O - a wand of polymorph (18/24)
 Q - a wand of disintegration (11/24)
 T - a wand of flame (23/48)
Scrolls
 e - a scroll of enchant armour {unknown}
 g - 5 scrolls of recharging {unknown}
 i - 2 scrolls of magic mapping {unknown}
 k - 8 scrolls of identify {unknown}
 n - 2 scrolls of remove curse {unknown}
 o - 2 scrolls of amnesia {unknown}
 q - 5 scrolls of teleportation {unknown}
 t - 3 scrolls of immolation {unknown}
 x - a scroll of enchant weapon {unknown}
 A - a scroll of blinking {unknown}
 G - a scroll of fear {unknown}
 L - a scroll of brand weapon {unknown}
 M - a scroll of random uselessness {unknown}
 N - a scroll of fog {unknown}
Potions
 d - 3 potions of lignification {unknown}
 f - a potion of brilliance {unknown}
 j - 2 potions of haste {unknown}
 l - 3 potions of curing
 m - 2 potions of resistance {unknown}
 s - a potion of ambrosia {unknown}
 v - a potion of degeneration {unknown}
 H - 3 potions of might {unknown}
 P - 3 potions of flight {unknown}
 U - a potion of agility
Books
 a - a book of Flames

   Spells                             Type                      Level
   a - Flame Tongue                   Conjuration/Fire             1
   b - Throw Flame                    Conjuration/Fire             2
   c - Conjure Flame                  Conjuration/Fire             3
   d - Inner Flame                    Hexes/Fire                   3
   e - Sticky Flame                   Conjuration/Fire             4
   f - Fireball                       Conjuration/Fire             5
 E - a book of Maledictions

   Spells                             Type                      Level
   a - Corona                         Hexes                        1
   b - Ensorcelled Hibernation        Hexes/Ice                    2
   c - Confuse                        Hexes                        3
   d - Tukima's Dance                 Hexes                        3
   e - Dazzling Spray                 Conjuration/Hexes            3
Comestibles
 b - 9 bread rations
 u - 2 meat rations
 F - a royal jelly
 R - 4 fruits
 W - 5 chunks of flesh


   Skills:
 + Level 5.0 Fighting
 + Level 6.8 Dodging
 - Level 2.6 Stealth
 - Level 4.8 Shields
 + Level 7.6 Spellcasting
 + Level 8.1 Conjurations
 + Level 8.5 Fire Magic


You had 10 spell levels left.
You knew the following spells:

 Your Spells              Type           Power        Failure   Level  Hunger
a - Flame Tongue          Conj/Fire      #####        1%          1    None
b - Throw Flame           Conj/Fire      ######       1%          2    None
c - Conjure Flame         Conj/Fire      ######..     1%          3    None
d - Sticky Flame          Conj/Fire      ######..     1%          4    ###....
e - Fireball              Conj/Fire      ######....   1%          5    #####..


Dungeon Overview and Level Annotations

Branches:
Dungeon (10/15)            Temple (1/1) D:6
   Lair: D:8-11         Orc: D:9-12

Altars:
Ashenzari
Cheibriados
Dithmenos
Elyvilon
Fedhas
Gozag
Hepliaklqana
Kikubaaqudgha
Makhleb
Nemelex Xobeh
Okawaru
Qazlal
Ru
Sif Muna
Trog
Uskayaw
Vehumet
Wu Jian
Xom
Yredelemnul
Zin
The Shining One

Shops:
D:5 =   D:6 (   D:7 [

Annotations:
D:9 Snorg


Innate Abilities, Weirdness & Mutations

You cannot wear most types of armour.
You are very stealthy in the water. (Stealth+)
You are amphibious.
You can wear up to eight rings at the same time.
You can use your tentacles to constrict eight enemies at once.
Your skin changes colour to match your surroundings (Stealth+).
Your rubbery body absorbs attacks. (AC +1, EV +1)


Message History

Okay, then.
Snorg rages.
Snorg bites you! Snorg misses you. Snorg claws you.
Casting: Flame Tongue
Confirm with . or Enter, or press ? or * to list all spells.
Aiming: Sticky Flame
Press: ? - help, Shift-Dir - straight line, f - Snorg
Aim: Snorg (berserk, fast, unusually strong)
You feel a surge of power!
The sticky flame hits Snorg.
Snorg is lightly wounded.
Snorg is covered in liquid flames!
Snorg burns!
Snorg bites you!
* * * LOW HITPOINT WARNING * * *
Snorg claws you!
* * * LOW HITPOINT WARNING * * *
Snorg claws you.
* * * LOW HITPOINT WARNING * * *
You feel much better.
Snorg burns!
Snorg barely misses you. Snorg claws you!
* * * LOW HITPOINT WARNING * * *
Snorg completely misses you. Snorg misses you. Snorg claws you!!
You die...

.....#.....#....##'#⌠#...........
.(...#.....#....##.###...........
.....#.....#...##...##...........
.#########.#...#⌠...⌠#...........
##..###..###...##...##...........
###.##.##.##....##_##............
.#†##.##.#_#.##'###########'#....
#.##.##.####.#.>T#..........#....
##..###..##..#..@'..........#....
.#########...#...#..........#....
.............##..##....##...#....
..######'#....#..##....##...#....
..# #..#....#.............#....
..# #..+....'.............#...)
..# #..#....##.####'####..#...)
..#####..#.....#####...###..#....
..#......#.....#..#......#..#....


You could see Snorg (berserk).

Vanquished Creatures
  2 two-headed ogres
  Prince Ribbit (D:7)
  A hippogriff (D:8)
  The ghost of Naow the Firebug, an amateur OpFE of Vehumet (D:4)
  2 hungry ghosts
  Menkaure (D:7)
  A soldier ant (D:9)
  Duvessa (D:7)
  A water moccasin (D:8)
  An ice beast (D:7)
  A black bear (D:8)
  8 orc warriors
  4 sky beasts
  6 ogres
  A necrophage (D:7)
  A crocodile (D:9)
  5 centaurs
  2 big kobolds
  6 bullfrogs
  A gnoll sergeant (D:9)
  Dowan (D:7)
  6 scorpions
  3 howler monkeys
  6 crimson imps
  2 quasits
  A bullfrog zombie (D:7)
  A jelly (D:5)
  5 orc wizards
  A centaur skeleton (D:7)
  7 orc priests
  3 hounds
  A bullfrog skeleton (D:5)
  Natasha (thrice) (D:3)
  4 iguanas
  Ijyb (D:5)
  5 worker ants
  A killer bee zombie (D:7)
  A hound zombie (D:5)
  A howler monkey zombie (D:7)
  A worker ant zombie (D:6)
  10 gnolls
  7 adders
  A howler monkey skeleton (D:6)
  3 shadow imps
  An ooze (D:7)
  An adder zombie (D:6)
  2 adder skeletons
  4 worms
  9 leopard geckos
  32 orcs
  5 bats
  4 giant cockroaches
  12 goblins
  5 hobgoblins
  16 jackals
  29 kobolds
  A ball python (D:4)
  4 frilled lizards
  A jackal skeleton (D:8)
  A jackal zombie (D:5)
  A leopard gecko skeleton (D:5)
  5 rats
255 creatures vanquished.

Notes
Turn   | Place    | Note
-------+----------+-------------------------------------------
     0 | D:1      | Naow the Octopode Fire Elementalist began the quest for the Orb.
     0 | D:1      | Reached XP level 1. HP: 11/11 MP: 3/3
   567 | D:1      | Reached skill level 1 in Shields
   567 | D:1      | Reached XP level 2. HP: 17/17 MP: 3/5
  1093 | D:2      | Reached XP level 3. HP: 21/21 MP: 3/6
  1141 | D:2      | Learned a level 2 spell: Throw Flame
  1145 | D:2      | Learned a level 3 spell: Conjure Flame
  1873 | D:2      | Found a hide-covered altar of Uskayaw.
  2160 | D:3      | Noticed Natasha
  2436 | D:3      | Reached XP level 4. HP: 27/27 MP: 0/8
  2526 | D:3      | Killed Natasha
  2666 | D:3      | Reached XP level 5. HP: 31/31 MP: 5/9
  3152 | D:3      | Noticed Natasha
  3157 | D:3      | Killed Natasha
  3270 | D:3      | Found a faded altar of an unknown god.
  3420 | D:3      | Noticed Natasha
  3427 | D:3      | Killed Natasha
  3427 | D:3      | Reached XP level 6. HP: 21/36 MP: 5/11
  3570 | D:3      | Learned a level 4 spell: Sticky Flame
  4004 | D:4      | Found an ancient bone altar of Kikubaaqudgha.
  4626 | D:4      | Reached XP level 7. HP: 30/41 MP: 5/12
  5023 | D:4      | Noticed Naow's ghost (amateur OpFE)
  5031 | D:4      | Killed Naow's ghost
  5550 | D:4      | Reached skill level 5 in Fire Magic
  5663 | D:5      | Entered Level 5 of the Dungeon
  5669 | D:5      | Noticed Ijyb
  5722 | D:6      | Reached XP level 8. HP: 46/46 MP: 3/14
  5989 | D:6      | Found a stormy altar of Qazlal.
  6007 | D:6      | Found a staircase to the Ecumenical Temple.
  6019 | Temple   | Entered the Ecumenical Temple
  6235 | Temple   | Became a worshipper of Vehumet
  6527 | D:6      | Reached skill level 5 in Spellcasting
  6527 | D:6      | Reached skill level 5 in Conjurations
  6698 | D:5      | Killed Ijyb
  6892 | D:5      | Found a burning altar of Makhleb.
  6927 | D:5      | Reached XP level 9. HP: 47/51 MP: 8/17
  7159 | D:5      | Reached * piety under Vehumet
  7159 | D:5      | Offered knowledge of Magic Dart by Vehumet.
  7362 | D:5      | Found Ukuner's Jewellery Shoppe.
  7396 | D:5      | Found a shimmering altar of Xom.
  7397 | D:5      | Found a shimmering altar of Xom.
  7399 | D:5      | Found a shimmering altar of Xom.
  8049 | D:6      | Found Suinid's Weapon Boutique.
  8186 | D:6      | Found a snail-covered altar of Cheibriados.
  8327 | D:7      | Reached skill level 1 in Fighting
  8416 | D:7      | Found Fewe's Armour Boutique.
  8417 | D:7      | Noticed Prince Ribbit
  8468 | D:7      | Killed Prince Ribbit
  8511 | D:7      | Noticed Dowan
  8515 | D:7      | Noticed Duvessa
  8784 | D:7      | Reached ** piety under Vehumet
  8835 | D:7      | Offered knowledge of Throw Frost by Vehumet.
  9035 | D:7      | Reached XP level 10. HP: 51/60 MP: 10/19
  9049 | D:7      | Reached skill level 5 in Dodging
  9631 | D:7      | Noticed Menkaure
  9633 | D:7      | Killed Menkaure
  9688 | D:7      | Got a faintly glowing hand axe {holy}
  9689 | D:7      | Identified the +2 hand axe "Kivoegaz" {holy, rElec Int-4 Dex+4} (You took it off an orc on level 7 of the Dungeon)
  9789 | D:7      | Killed Duvessa
  9792 | D:7      | Killed Dowan
 10336 | D:8      | Found a shattered altar of Ashenzari.
 10390 | D:8      | Offered knowledge of Stone Arrow by Vehumet.
 10640 | D:8      | Reached *** piety under Vehumet
 10878 | D:8      | Noticed a two-headed ogre
 10922 | D:8      | Killed a two-headed ogre
 11308 | D:9      | Found a shadowy altar of Dithmenos.
 11324 | D:9      | Noticed a two-headed ogre
 11333 | D:9      | Killed a two-headed ogre
 11448 | D:9      | Found a flagged portal.
 11464 | D:9      | Learned a level 5 spell: Fireball
 11465 | Bailey   | Entered a bailey
 11499 | Bailey   | Offered knowledge of Fulminant Prism by Vehumet.
 11798 | Bailey   | Reached XP level 11. HP: 69/69 MP: 16/22
 12157 | D:9      | Found a sacrificial altar of Ru.
 12231 | D:9      | Reached **** piety under Vehumet
 12761 | D:9      | Reached skill level 5 in Fighting
 12879 | D:9      | Found an ornate altar of the Wu Jian Council.
 12891 | D:9      | Found a basalt altar of Yredelemnul.
 12981 | D:10     | Entered Level 10 of the Dungeon
 13077 | D:10     | Noticed Snorg
 13089 | D:9      | HP: 3/70 [Snorg (5)]
 13090 | D:9      | Mangled by Snorg

Vault maps used:
D:1:      dpeg_arrival_lava_temple_mockup, minmay_misc_feat_more_columns,
          minmay_domino_2
D:2:      lemuel_coloured_pillars_altar, first_bread
D:3:      chequers_ecumenical_altar_island, uniq_natasha
D:4:      kennysheep_big_flooded_room, kiku_gazebo_garden_becter
D:5:      xom_redecorated, serial_shops, shop, bloody_makhleb, uniq_ijyb
D:6:      cheibrodos_worm_habitat, temple_green, serial_shops,
          kennysheep_little_box, grunt_qazlal_sundering
D:7:      serial_shops, nicolae_shop_statue_plus, uniq_menkaure,
          uniq_prince_ribbit1, uniq_duvessa
D:8:      evilmike_ruin_ashenzari
D:9:      marbit_many_paths, lemuel_crystal_altar,
          amethyst_overflow_temple_binary, enter_bailey_3
D:10:     wad_lake_hut, the_bakery, uniq_snorg, uniq_harold
Temple:   nicolae_temple_figure_eight
Bailey:   bailey_axe_1, bailey

Skill      XL: |  1  2  3  4  5  6  7  8  9 10 11 |
---------------+----------------------------------+-----
Shields        | 1 2 3 4 |  4.8
Conjurations   | 2 3 4 5 6 7 8 |  8.1
Spellcasting   | 3 4 5 6 7 |  7.6
Fire Magic     | 4 5 6 7 8 |  8.5
Dodging        | 3 4 6 |  6.8
Fighting       | 2 4 5 |  5.0
Stealth        | |  2.6

Action                   |  1- 3 |  4- 6 |  7- 9 | 10-12 || total
-------------------------+-------+-------+-------+-------++-------
Melee: Unarmed           |     5 |       |       |       ||     5
       Tentacles         |     4 |     4 |     7 |     1 ||    16
       Constrict         |     4 |     3 |    14 |     3 ||    24
       Dagger            |     6 |    23 |    25 |       ||    54
       Staff             |       |       |    54 |    14 ||    68
 Cast: Flame Tongue      |    54 |    80 |   229 |   297 ||   660
       Throw Flame       |     1 |     9 |    19 |    29 ||    58
       Conjure Flame     |       |     4 |    10 |     3 ||    17
       Sticky Flame      |       |       |    14 |    14 ||    28
  Use: Potion            |       |     1 |       |     1 ||     2
 Stab: Sleeping          |       |       |     1 |     1 ||     2
  Eat: Chunk             |     5 |     6 |    15 |    15 ||    41
       Royal jelly       |       |       |     1 |       ||     1
Armor: Skin              |     4 |     4 |     9 |     9 ||    26
Dodge: Dodged            |    26 |    49 |    87 |   116 ||   278
Block: Buckler           |       |    15 |    29 |    29 ||    73
